AoeStats
← Kimik

Arabia

510565761Analyzed
1v1 RM · 1d ago on Oct 1, 2026· 38m 38s· 2 players
Game mode
Random Map
Map size
Tiny (2 player)
Population
200
Speed
Normal
Resources
Standard
Victory
Conquest
Starting age
Dark Age
Ending age
Imperial Age
RankedLock teamsTeams togetherTeam positionsShared explorationLock speedFull tech treeHidden civsTurbo modeCheats
Victory
Defeat
1122
+15
🇪🇸 Burgundians · Spain
1098
-15
Kimik
10:57 Feudal Age
9:28 Double-Bit Axe
9:31 Loom
10:11 Horse Collar
12:12 Bow Saw
19:45 Heavy Plow
21:41 Wheelbarrow
25:55 Castle Age
24:14 Gold Mining
24:17 Stone Mining
25:33 Gold Shaft Mining
25:37 Stone Shaft Mining
25:25 Forging
25:36 Scale Barding Armor
26:04 Cavalier
35:21 Chain Barding Armor
[TLGA] - La Tigresa del Oriente
6:21 Loom
8:53 Feudal Age
9:23 Double-Bit Axe
11:00 Bloodlines
15:12 Forging
18:36 Horse Collar
20:26 Gold Mining
23:09 Castle Age
21:41 Scale Mail Armor
25:17 Iron Casting
24:46 Squires
24:52 Gambesons
25:30 Chain Mail Armor
Connection lost

Rejoining the realm…

Still unreachable

The connection could not be restored.

Session expired

The server has moved on; the page needs a fresh start.